 Dungeon Crawl Stone Soup version 0.29.1-12-g30fa7ad0bf (webtiles) character file.

Game seed: 12813870838816540529

21 wormed the Cutter (level 3, -1/23 HPs)
             Began as a Kobold Monk on Dec 22, 2022.
             Slain by an adder (4 damage)
             ... on level 1 of the Dungeon.
             The game lasted 00:01:45 (913 turns).

wormed the Cutter (Kobold Monk)                      Turns: 913, Time: 00:01:45

Health: -1/23      AC:  3    Str:  8    XL:     3   Next: 2%
Magic:  3/3        EV: 16    Int: 11    God:
Gold:   33         SH:  0    Dex: 19    Spells: 2/2 levels left

rFire   . . .      SeeInvis .   a - +0 short sword
rCold   . . .      Faith    .   (no shield)
rNeg    . . .      Spirit   .   e - +0 leather armour
rPois   .          Reflect  .   (no helmet)
rElec   .          Harm     .   (no cloak)
rCorr   .          Rampage  .   (no gloves)
Will    .....                   (no boots)
Stlth   +++.......              (no amulet)
HPRegen 0.07/turn               (no ring)
MPRegen 0.08/turn               (no ring)

@: no status effects
A: small, no large weapons, nightstalker 3
a: no special abilities


You were on level 1 of the Dungeon.
You visited 1 branch of the dungeon, and saw 2 of its levels.

You collected 33 gold pieces.

Inventory:

Hand Weapons
 a - a +0 short sword (weapon)
Armour
 b - a +0 robe
 e - a +0 leather armour (worn)
Scrolls
 d - a scroll of silence {unknown}
 f - 2 scrolls of immolation {unknown}
 i - 5 scrolls of teleportation {unknown}
 j - 2 scrolls of identify {unknown}
Potions
 c - a potion of ambrosia
 h - a potion of flight {unknown}
 k - a potion of brilliance {unknown}


   Skills:
 + Level 3.6 Fighting
 + Level 4.3 Short Blades
 + Level 4.0 Dodging
 + Level 3.2 Stealth


You had 2 spell levels left.
You didn't know any spells.
Your spell library was empty.

Dungeon Overview and Level Annotations

Branches:
Dungeon (2/15)

Altars:

Annotations:
D:1 1 runed translucent door


Innate Abilities, Weirdness & Mutations

You are small and have problems with some larger weapons.
You are completely attuned to the shadows.


Message History

The ball python bites you. The ball python grabs you.
The ball python constricts you. The ball python bites you.
The ball python constricts you.
You escape the ball python's grasp.
The jackal barely misses you. The jackal attacks as you move away!
The jackal bites you. The jackal attacks as you move away!
The jackal bites you but does no damage.
The jackal misses you.
There is a fountain of clear blue water here.
The adder attacks as you move away! The adder bites you.
You are poisoned.
The adder poisons you!
You feel sick. The adder completely misses you.
There is an open door here.
You feel sick. The jackal closely misses you.
You feel sick.
You see here a +1 robe of positive energy.
You barely miss the jackal.
You feel sick. The jackal misses you.
You barely miss the jackal.
You feel sick. The jackal closely misses you.
The jackal bites you but does no damage.
You barely miss the jackal.
You feel sick. The jackal barely misses you.
You hit the jackal.
The jackal is almost dead.
You feel sick.
You are no longer poisoned.
The jackal misses you.
You closely miss the jackal.
The jackal is almost dead.
The jackal closely misses you.
You hit the jackal.
You kill the jackal!
Your Dodging skill increases to level 4!
You have reached level 3!
Your experience leads to an increase in your attributes!
Increase (S)trength, (I)ntelligence, or (D)exterity?
You feel agile. x2
It was a potion of magic.
Magic courses through your body. The ball python closely misses you.
The ball python barely misses you. The adder attacks as you move away!
The adder misses you. The adder attacks as you move away! The adder bites you.
You die...

#......# # ####.....## #
#######......(.# #
...........†...##################
#######..........................
##### #####......................
....####....##.#.###############.
...............#.#......J.B....#.
.(....##########@#..B.....hhh..#.
....######## #S#rBh....rhBBB.#.
...........# #S#######+#######.
..########.# #h#.S...........#.
..# #.##.# #.'⌠....###....⌠'.
..#####....# #.#......<....(.#.
......'....## #.#..⌠...>...⌠..#.
...####.....# #.###'#######'###.
...####...#.####.................


You could see an adder, a jackal and a ball python.

Vanquished Creatures
  2 dart slugs (D:1)
  3 endoplasms (D:1)
  5 jackals (D:1)
  A kobold (D:1)
  A ball python (D:1)
  2 bats (D:1)
  A rat (D:1)
15 creatures vanquished.

Notes
Turn   | Place    | Note
-------+----------+-------------------------------------------
     0 | D:1      | wormed the Kobold Monk began the quest for the Orb.
     0 | D:1      | Reached XP level 1. HP: 14/14 MP: 1/1
     2 | D:1      | Found a runed translucent door.
   242 | D:1      | Reached XP level 2. HP: 19/19 MP: 2/2
   910 | D:1      | Reached XP level 3. HP: 3/23 MP: 3/3
   913 | D:1      | Slain by an adder

Illustrated notes

Levels and vault maps discovered:
D:1:      dpeg_arrival_caged_fury, layout_basic
D:2:      layout_basic, serial_bayou_pond_e, minmay_hexomino_p4

Skill      XL: |  1  2 |
---------------+-------+-----
Stealth        | 3 |  3.2
Dodging        | 4 |  4.0
Fighting       | |  3.6
Short Blades   | |  4.3

Action                   || total
-------------------------++-------
Melee: Short sword       ||    54
  Use: Potion            ||     1
 Stab: Sleeping          ||     3
Armor: Leather armour    ||    21
Dodge: Dodged            ||    66
